 Seeded DCSS version 0.30.1-9-gdf580d7c3d (webtiles) character file.

Game seed: 7547814903460644772 (custom seed)

2018 Psyclone the Thaumaturge (level 9, -7/45 HPs)
             Began as a Deep Elf Conjurer on Sept 26, 2023.
             Was an Initiate of Sif Muna.
             Mangled by Duvessa
             ... wielding a +0 short sword
              (15 damage)
             ... on level 6 of the Dungeon.
             The game lasted 00:24:01 (6588 turns).

Psyclone the Thaumaturge (Deep Elf Conjurer)        Turns: 6588, Time: 00:24:01

Health: -7/45      AC:  2    Str:  4    XL:     9   Next: 3%
Magic:  14/26      EV: 12    Int: 34    God:    Sif Muna [......]
Gold:   421        SH:  0    Dex: 13    Spells: 16/30 levels left

rFire   . . .        g - +4 dagger (venom)
rCold   . . .        (no shield)
rNeg    . . .        a - +0 robe
rPois   .            (no helmet)
rElec   .            (no cloak)
rCorr   .            (no gloves)
SInv    .            (no boots)
Will    .....        (no amulet)
Stlth   +            C - ring of wizardry
HPRegen 0.27/turn    A - +6 ring of intelligence
MPRegen 0.20/turn

%: wizardry (x1)
@: lit by a corona, glowing
A: no striking features
a: Renounce Religion


You were on level 6 of the Dungeon.
You worshipped Sif Muna.
Sif Muna was noncommittal.
You visited 2 branches of the dungeon, and saw 7 of its levels.
You also visited: Sewer.

You collected 421 gold pieces.

Inventory:

Hand Weapons
 g - a +4 dagger of venom (weapon)
Armour
 a - a +0 robe (worn)
Jewellery
 b - a +6 ring of dexterity
 A - a +6 ring of intelligence (right hand)
 C - a ring of wizardry (left hand)
Scrolls
 c - 2 scrolls of identify {unknown}
 e - 2 scrolls of magic mapping {unknown}
 j - 3 scrolls of enchant weapon {unknown}
 k - 2 scrolls of immolation {unknown}
 l - a scroll of poison {unknown}
 m - a scroll of vulnerability {unknown}
 n - a scroll of teleportation {unknown}
 r - 2 scrolls of amnesia {unknown}
 u - 2 scrolls of enchant armour {unknown}
 y - a scroll of silence {unknown}
 B - a scroll of acquirement {unknown}
Potions
 d - 3 potions of haste {unknown}
 f - 2 potions of experience {unknown}
 h - 2 potions of might {unknown}
 i - a potion of cancellation {unknown}
 o - a potion of degeneration {unknown}
 p - a potion of brilliance {unknown}
 q - a potion of flight {unknown}
 s - a potion of resistance {unknown}
 t - 5 potions of attraction {unknown}
 v - 2 potions of mutation {unknown}
 w - 2 potions of berserk rage {unknown}
 z - a potion of curing {unknown}


   Skills:
 - Level 2.4 Dodging
 - Level 2.4 Stealth
 + Level 11.3 Spellcasting
 + Level 10.2 Conjurations


You had 16 spell levels left.
You knew the following spells:

 Your Spells              Type           Power      Damage    Failure   Level
a - Magic Dart            Conj           100%       1d8       1%          1
b - Searing Ray           Conj           100%       2d8       1%          2
d - Fulminant Prism       Conj/Hex       26%        3d13      1%          4
e - Inner Flame           Hex/Fire       19%        N/A       2%          3
q - Blink                 Tloc           38%        N/A       1%          2
v - Poisonous Vapours     Pois/Air       38%        N/A       1%          2

Your spell library contained the following spells:

 Spells                   Type           Power      Damage    Failure   Level
 Lesser Beckoning         Tloc           38%        N/A       1%          2
 Dazzling Flash           Conj/Hex       100%       N/A       1%          3
 Mephitic Cloud           Conj/Pois/Air  42%        N/A       1%          3
 Iskenderun's Mystic Bla  Conj/Tloc      52%        2d11      1%          4
 Gell's Gravitas          Tloc           19%        N/A       2%          3
 Teleport Other           Tloc           19%        N/A       2%          3
 Freezing Cloud           Conj/Ice/Air   21%        6-21      6%          5
 Manifold Assault         Tloc           19%        N/A       10%         4
 Yara's Violent Unravell  Hex/Tmut       9%         3d6       26%         5
 Enfeeble                 Hex            9%         N/A       100%        7
 Storm Form               Tmut/Air       9%         N/A       100%        7


Dungeon Overview and Level Annotations

Branches:
Dungeon (6/15) Zot: 26479  Temple (1/1) D:6 Zot: 5841   Sewer (visited)

Altars:
Ashenzari
Cheibriados
Dithmenos
Elyvilon
Fedhas
Gozag
Kikubaaqudgha
Makhleb
Nemelex Xobeh
Okawaru
Qazlal
Ru
Sif Muna
Uskayaw
Vehumet
Wu Jian
Xom
Yredelemnul
Zin
The Shining One

Shops:
D:5 (

Annotations:
D:3 1 runed translucent door, Crazy Yiuf
D:4 exclusion: downstairs
D:6 2 transporters, Cheops's ghost, novice MfSu; Duvessa


Message History

Your fulminant prism explodes!
The blast of energy engulfs Duvessa!!
Duvessa is severely wounded.
You hear a bark!
You hear an angry hiss.
You hear a shout!
You take 7 damage, and have 23/45 hp.
Casting: Fulminant Prism (dangerous; 1% risk of failure)
Confirm with . or Enter, or press ? or * to list all spells.
Aiming: Poisonous Vapours (safe; 1% risk of failure)
Press: ? - help, Dir - move target, f - Duvessa
Aim: Duvessa, wielding a +0 short sword and wearing a +0 chain mail (severely wounded, fast) Poisonous vapours surround Duvessa!
Duvessa is poisoned.
Duvessa barely misses you. Duvessa hits you with a +0 short sword!
* * * LOW HITPOINT WARNING * * *
You take 10 damage, and have 13/45 hp.
MASSIVE DAMAGE!!
You now have 17/26 mp.
Casting: Poisonous Vapours (safe; 1% risk of failure)
Confirm with . or Enter, or press ? or * to list all spells.
Aiming: Fulminant Prism (dangerous; 1% risk of failure)
Press: ? - help, Dir - move target, p - Duvessa You conjure a prism of explosive energy!
A fulminant prism comes into view.
Duvessa hits you with a +0 short sword.
* * * LOW HITPOINT WARNING * * *
You take 5 damage, and have 8/45 hp.
You now have 14/26 mp.
Duvessa says, "My weaknesses are his strengths!"
Duvessa hits you with a +0 short sword!
* * * LOW HITPOINT WARNING * * *
Your fulminant prism crackles loudly.
You take 7 damage, and have 1/45 hp.
Your fulminant prism explodes!
The blast of energy engulfs Dowan!
You kill Dowan!
Sif Muna accepts your kill.
Duvessa weeps, and shakes her weapon.
Duvessa goes berserk!
The blast of energy engulfs Duvessa!
Duvessa is almost dead.
You hear a bark!
You hear a shout! x3
You feel much better. Duvessa hits you with a +0 short sword!
* * * LOW HITPOINT WARNING * * *
Duvessa hits you with a +0 short sword!
You die...

.....................
.......#.....>.......
######............... ..###
#.......>..... .#!#.#
#.........#
#..#.y##..<......#######...
#.. ###..........#........
### #.....##....#.....e..
.#.#.###....##†.@.#........
#..#..##.....#..e.+........
.#...###.....#....#...*..
$.#####......#...##...#
######.......#..)##...##..
......(#.....#.............
########.....#.............
.............#..........?..
########.....#.............


You could see Duvessa (berserk, fast, very poisoned).

Vanquished Creatures
  A water moccasin (D:6)
  2 black bears (D:6)
  Pargi (Sewer)
  4 ogres
  2 centaurs (D:5)
  A phantom (D:6)
  4 scorpions
  4 wights (D:5)
  Dowan (D:6)
  A jelly (D:6)
  A howler monkey (D:5)
  A sleepcap (D:5)
  2 orc priests (D:5)
  3 hounds
  Jessica (D:2)
  Natasha (D:3)
  3 orc wizards
  6 adders
  A river rat (D:4)
  A white imp (D:5)
  8 worms
  2 dart slugs
  17 orcs
  4 ball pythons
  4 bats
  4 endoplasms
  2 giant cockroaches
  10 hobgoblins
  7 jackals
  2 quokkas (D:2)
  4 frilled lizards
  9 goblins
  8 kobolds
  2 rats (D:1)
124 creatures vanquished.

Vanquished Creatures (others)
  18 fulminant prisms
18 creatures vanquished.

Grand Total: 142 creatures vanquished

Notes
Turn   | Place    | Note
-------+----------+-------------------------------------------
     0 | D:1      | Psyclone the Deep Elf Conjurer began the quest for the Orb.
     0 | D:1      | Reached XP level 1. HP: 10/10 MP: 6/6
    58 | D:1      | Found a faded altar of an unknown god.
   235 | D:1      | Reached XP level 2. HP: 15/15 MP: 4/8
   729 | D:2      | Learned a level 2 spell: Searing Ray
   732 | D:2      | Reached skill level 4 in Spellcasting
   732 | D:2      | Reached skill level 5 in Conjurations
   732 | D:2      | Reached XP level 3. HP: 19/19 MP: 3/10
   844 | D:2      | Noticed Jessica
   848 | D:2      | Killed Jessica
   976 | D:2      | Reached XP level 4. HP: 24/24 MP: 9/12
  1583 | D:2      | Reached skill level 5 in Spellcasting
  1925 | D:3      | Found an ornate altar of the Wu Jian Council.
  1998 | D:3      | Found a runed translucent door.
  1999 | D:3      | Noticed Crazy Yiuf
  2045 | D:3      | Noticed Natasha
  2051 | D:3      | Killed Natasha
  2365 | D:3      | Reached XP level 5. HP: 28/28 MP: 11/14
  2391 | D:3      | Found a broken altar of Ashenzari.
  2632 | D:3      | Learned a level 2 spell: Blink
  2635 | D:3      | Learned a level 2 spell: Poisonous Vapours
  2639 | D:3      | Learned a level 3 spell: Inner Flame
  2644 | D:3      | Learned a level 4 spell: Fulminant Prism
  3042 | D:4      | Reached skill level 6 in Spellcasting
  3135 | D:4      | Found a glowing drain.
  3177 | Sewer    | Entered a sewer
  3247 | Sewer    | Noticed Pargi
  3266 | Sewer    | Killed Pargi
  3267 | Sewer    | Reached XP level 6. HP: 11/32 MP: 8/17
  3654 | D:4      | Found a basalt altar of Yredelemnul.
  3698 | D:4      | Reached skill level 7 in Spellcasting
  3773 | D:4      | Reached XP level 7. HP: 36/36 MP: 14/20
  3833 | D:4      | Found a burning altar of Makhleb.
  3835 | D:4      | Found a glowing silver altar of Zin.
  3835 | D:4      | Noticed a balrug
  3835 | D:4      | Noticed an angel
  4047 | D:4      | Found a sparkling altar of Nemelex Xobeh.
  4188 | D:5      | Entered Level 5 of the Dungeon
  4199 | D:4      | Reached skill level 8 in Spellcasting
  4999 | D:5      | Reached skill level 9 in Spellcasting
  5061 | D:5      | Reached XP level 8. HP: 41/41 MP: 17/23
  5435 | D:5      | Reached skill level 10 in Spellcasting
  5493 | D:5      | Found a sacrificial altar of Ru.
  5495 | D:5      | Found an opulent altar of Gozag.
  5496 | D:5      | Found an iron altar of Okawaru.
  5652 | D:5      | Found a white marble altar of Elyvilon.
  5689 | D:5      | Found Roossoev's Hydra Hut.
  5690 | D:5      | Noticed a five-headed hydra
  5698 | D:5      | Found a blossoming altar of Fedhas.
  5698 | D:5      | Found an ancient bone altar of Kikubaaqudgha.
  5920 | D:6      | Found a transporter.
  5924 | D:6      | Found a transporter.
  5925 | D:6      | Noticed Cheops's ghost (novice MfSu)
  5934 | D:6      | Noticed a hornet
  5977 | D:6      | Found a staircase to the Ecumenical Temple.
  6022 | Temple   | Entered the Ecumenical Temple
  6172 | Temple   | Became a worshipper of Sif Muna the Loreminder
  6313 | D:6      | Found a snail-covered altar of Cheibriados.
  6323 | D:6      | Reached skill level 11 in Spellcasting
  6323 | D:6      | Reached skill level 10 in Conjurations
  6518 | D:6      | Reached XP level 9. HP: 34/45 MP: 20/26
  6573 | D:6      | Noticed Dowan
  6574 | D:6      | Noticed Duvessa
  6586 | D:6      | HP: 1/45 [Duvessa/+0 short sword (7)]
  6587 | D:6      | Killed Dowan
  6588 | D:6      | Mangled by Duvessa

Illustrated notes

Levels and vault maps discovered:
D:1:      lordsloth_arrival_two_stooges, layout_basic,
          chequers_ecumenical_altar_simple
D:2:      layout_loops_ring, uniq_jessica
D:3:      layout_loops_cross, ashenzari_conservatory_becter,
          nzn_wu_jian_council_hall, chequers_serial_rivers_room_a,
          grunt_decor_cap, hangedman_abyss_or_decor_lesser_grid,
          hangedman_decor_peaks_small, minmay_gold_behind_fungi, uniq_natasha,
          uniq_crazy_yiuf_cottage
D:4:      layout_loops_ring, grunt_temple_overflow_order_and_chaos_2,
          yredelemnul_altar_generic, nemelex_dance_club_becter,
          gup_sewer_entry_bubbles
D:5:      layout_loops_ring, grunt_temple_overflow_growth_and_decay,
          nicolae_overflow_quartered_altars, doesnt_shop_hydraphobe
D:6:      layout_gridville, mainiacjoe_overflow_boulevard, slow_altar_1,
          minmay_temple_entry_glass, gammafunk_ghost_hive, uniq_duvessa
Temple:   nicolae_temple_great_sept

Skill      XL: |  1  2  3  4  5  6  7  8 |
---------------+-------------------------+-----
Spellcasting   | 4 5 6 7 9 11 | 11.3
Conjurations   | 5 6 7 8 10 | 10.2
Dodging        | |  2.4
Stealth        | |  2.4

Action                     |  1- 3 |  4- 6 |  7- 9 || total
---------------------------+-------+-------+-------++-------
  Melee: Dagger            |       |       |     9 ||     9
   Cast: Magic Dart        |    45 |    66 |    31 ||   142
         Searing Ray       |     1 |    21 |    27 ||    49
         Fulminant Prism   |       |     5 |    13 ||    18
         Blink             |       |     2 |     1 ||     3
         Poisonous Vapours |       |       |    25 ||    25
         Inner Flame       |       |       |     2 ||     2
    Use: Potion            |       |     1 |     2 ||     3
 Armour: Robe              |       |     3 |     6 ||     9
  Dodge: Dodged            |       |    13 |    33 ||    46
